 Dungeon Crawl Stone Soup version 0.30-a0-723-gc1506a1cf0 (webtiles) character file.

Game seed: 7878094336145213018

5527 Leeroy the Magician (level 10, -2/79 HPs)
             Began as a Gnoll Warper on Jan 28, 2023.
             Was an Elder of Jiyva.
             Shot with an arrow by a centaur warrior (13 damage)
             ... on level 8 of the Dungeon.
             The game lasted 00:23:18 (6327 turns).

Leeroy the Magician (Gnoll Warper)                  Turns: 6327, Time: 00:23:19

Health: -2/79      AC:  7    Str: 10    XL:     10   Next: 70%
Magic:  21/21      EV: 16    Int: 13    God:    Jiyva [****..]
Gold:   605        SH:  0    Dex: 16    Spells: 9/24 levels left

rFire   . . .      SeeInvis +    g - +4 long sword
rCold   . . .      Faith    .    m - orb {light}
rNeg    . . .      Spirit   .    c - +0 steam dragon scales
rPois   .          Reflect  .    (no helmet)
rElec   .          Harm     .    (no cloak)
rCorr   +          Rampage  .    a - +0 pair of gloves
Will    .....                    (no boots)
Stlth   ++                       (no amulet)
HPRegen 2.41/turn                M - ring of wizardry
MPRegen 0.57/turn                q - ring of flight

@: flying, glowing, studying Ranged Weapons
A: fangs 1, strong nose, distributed training, regeneration 1, eyeballs 3
a: Renounce Religion, Oozemancy, Slimify


You were on level 8 of the Dungeon.
You worshipped Jiyva.
Jiyva was greatly pleased with you.
You visited 2 branches of the dungeon, and saw 9 of its levels.
You also visited: Sewer and Ossuary.

You collected 605 gold pieces.

Inventory:

Hand Weapons
 g - a +4 long sword (weapon)
 D - a +0 scimitar
 J - a +2 great sword
 P - a +1 trident of protection
 R - a +2 antimagic trident
 W - a +2 dagger
 X - a +3 hand axe of freezing
 Y - a +4 halberd of freezing
 Z - a +3 longbow of flaming
Missiles
 b - a curare-tipped dart
 d - 7 boomerangs of dispersal
 o - 6 boomerangs
 E - 6 datura-tipped darts
 N - 3 throwing nets
 T - 13 poisoned darts
Armour
 a - a +0 pair of gloves (worn)
 c - +0 steam dragon scales (worn)
 i - a +0 troll leather armour
 m - an orb of light (worn)
 u - an orb of energy
 I - a +0 ring mail
 V - a +2 robe of willpower
Jewellery
 q - a ring of flight (right hand)
 t - a ring of resist corrosion
 y - a ring of fire
 M - a ring of wizardry (left hand)
Wands
 v - a wand of flame (33) (quivered)
 w - a wand of mindburst (8)
 K - a wand of polymorph (8)
 O - a wand of digging (2)
Scrolls
 e - 5 scrolls of teleportation
 l - a scroll of fog
 B - 2 scrolls of magic mapping
 F - a scroll of fear
 H - 2 scrolls of immolation
 L - a scroll of silence
 Q - a scroll of butterflies
 S - a scroll of noise {unknown}
 U - a scroll of amnesia {unknown}
Potions
 f - 6 potions of curing
 h - 2 potions of haste
 j - 3 potions of magic
 k - 2 potions of degeneration
 n - 2 potions of heal wounds
 p - a potion of berserk rage
 r - 4 potions of flight
 s - 6 potions of attraction
 x - a potion of ambrosia {unknown}
 z - 2 potions of resistance {unknown}
 A - a potion of cancellation {unknown}
 C - 3 potions of lignification {unknown}
 G - a potion of might {unknown}


   Skills:
 + Level 7.4 Fighting
 + Level 5.7 Short Blades
 + Level 7.4 Long Blades
 + Level 5.7 Axes
 + Level 5.7 Maces & Flails
 + Level 5.7 Polearms
 + Level 5.7 Staves
 + Level 7.2 Ranged Weapons
 + Level 6.3 Throwing
 + Level 6.3 Armour
 + Level 7.4 Dodging
 + Level 5.7 Stealth
 + Level 5.7 Shields
 + Level 5.7 Unarmed Combat
 + Level 7.7 Spellcasting
 + Level 4.7 Conjurations
 + Level 4.7 Hexes
 + Level 4.7 Summonings
 + Level 4.7 Necromancy
 + Level 7.3 Translocations
 + Level 4.7 Transmutations
 + Level 4.7 Fire Magic
 + Level 4.7 Ice Magic
 + Level 4.7 Air Magic
 + Level 4.7 Earth Magic
 + Level 4.7 Poison Magic
 + Level 6.3 Invocations
 + Level 5.7 Evocations


You had 9 spell levels left.
You knew the following spells:

 Your Spells              Type           Power      Damage    Failure   Level
a - Blink                 Tloc           48%        N/A       1%          2
b - Teleport Other        Tloc           24%        N/A       1%          3
c - Vhi's Electric Charg  Tloc/Air       40%        N/A       1%          3
d - Manifold Assault      Tloc           24%        N/A       2%          4
e - Gell's Gravitas       Tloc           24%        N/A       1%          3

Your spell library contained the following spells:

 Spells                   Type           Power      Damage    Failure   Level
 Lesser Beckoning         Tloc           48%        N/A       1%          2
 Ozocubu's Armour         Ice            17%        N/A       2%          3
 Cause Fear               Hex            8%         N/A       9%          4
 Iskenderun's Battlesphe  Conj           17%        2d7       22%         5
 Iron Shot                Conj/Erth      8%         9d3       73%         6
 Dragon Form              Tmut           8%         N/A       99%         7
 Ozocubu's Refrigeration  Ice            8%         4d9       99%         7
 Spellforged Servitor     Conj/Summ      8%         N/A       99%         7
 Dragon's Call            Summ           8%         N/A       100%        9


Dungeon Overview and Level Annotations

Branches:
Dungeon (8/15)             Temple (1/1) D:4           Sewer (visited)
Ossuary (visited)
   Lair: D:8-11

Altars:
Ashenzari
Cheibriados
Dithmenos
Elyvilon
Fedhas
Gozag
Hepliaklqana
Kikubaaqudgha
Makhleb
Nemelex Xobeh
Okawaru
Qazlal
Ru
Sif Muna
Trog
Uskayaw
Vehumet
Wu Jian
Xom
Yredelemnul
Zin
The Shining One

Shops:
D:7 *

Annotations:
D:3 Grinder


Innate Abilities, Weirdness & Mutations

You have very sharp teeth.
Your uncanny sense of smell can sniff out nearby items.
Your experience applies equally to all skills.
Your natural rate of healing is unusually fast.
Your body is covered in eyes which may confuse attackers. (Acc +7, SInv)


Message History

You hit the gargoyle.
You destroy the gargoyle!
You see here a +0 flail.
A centaur warrior comes into view.
It is wielding the +8 lajatang of the Spheres {heavy, rN+ Int+3}.
The centaur warrior moves out of view.
A manticore comes into view.
A cyclops comes into view.
The centaur warrior hits you with the +8 lajatang of the Spheres {heavy, rN+ Int+3}!!
The centaur warrior kicks you but does no damage.
You hear a distant slurping noise.
You slash the centaur warrior!
The centaur warrior is moderately wounded.
The centaur warrior hits you with the +8 lajatang of the Spheres {heavy, rN+ Int+3}!
The centaur warrior misses you.
You slash the centaur warrior!
The centaur warrior is heavily wounded.
The centaur warrior hits you with the +8 lajatang of the Spheres {heavy, rN+ Int+3}!!
* * * LOW HITPOINT WARNING * * *
The centaur warrior misses you.
Okay, then.
As you read the scroll of fear, it crumbles to dust.
You assume a fearsome visage.
The manticore looks frightened!
The cyclops looks frightened!
The centaur warrior looks frightened!
You see here a +0 flail.
There is an open door, spattered with blood here.
You reach down and close the door.
A centaur warrior breaks down the door.
The centaur warrior unwields the +8 lajatang of the Spheres {heavy, rN+ Int+3}.
The centaur warrior wields a +0 shortbow.
The centaur warrior shoots an arrow.
The arrow barely misses you.
You hear a horrible gurgling sound!
The centaur warrior shoots an arrow.
The arrow hits you!
* * * LOW HITPOINT WARNING * * *
The centaur warrior shoots an arrow.
The arrow closely misses you.
The centaur warrior shoots an arrow.
The arrow hits you!
* * * LOW HITPOINT WARNING * * *
You hear a horrible gurgling sound!
As you read the scroll of fog, it crumbles to dust.
The scroll dissolves into smoke.
The centaur warrior shoots an arrow.
The arrow hits you!
You die...

#.÷)### ##.).....##
###'### #.#########
##.#[#[####......###
##..#.#..######..###.
##.⌠.#.#.⌠.## #####.#
#....#.#....# #.#.
#####.§.##### ∆∆∆
##)# #...§§§§....# ∆
∆ #.#. ##
#####@§§##### ∆∆∆
##.# ..#..§§#§#....#
#.#[ #.##.⌠§#.#.⌠.##
##.# #..##..#.#..##
##. #..##(#.#.## ∆ ∆
## #..###'### ∆ #
#.##.c..# # #
##.###..##.#.#.# #
#.####..#.#.#.'..H.C.
#


You could see a centaur warrior.

Vanquished Creatures
  A centaur warrior (D:8)
  2 gargoyles (D:8)
  A hornet (D:8)
  3 steam dragons
  A vampire mosquito (D:8)
  An orc warrior (D:8)
  2 ice beasts
  3 black bears
  2 ogres
  3 centaurs
  3 phantoms
  3 kobold brigands (D:8)
  2 bullfrogs
  4 necrophages
  4 gnoll sergeants
  8 wights
  3 scorpions
  2 howler monkeys
  A jelly (Sewer)
  5 hounds
  A gnoll bouda (D:7)
  An iguana (D:6)
  2 orc priests
  5 orc wizards
  9 mummies
  25 gnolls
  6 adders
  A river rat (Sewer)
  A shadow imp (D:7)
  A white imp (D:5)
  4 ufetubi
  5 worms
  3 dart slugs
  6 orcs
  8 bats
  9 endoplasms
  5 giant cockroaches
  A goblin (D:2)
  6 hobgoblins
  5 jackals
  A quokka (D:4)
  5 ball pythons
  9 frilled lizards
  A gnoll zombie (Ossuary)
  A goblin zombie (D:5)
  3 hobgoblin zombies
  2 kobolds (D:2)
  2 kobold zombies (Ossuary)
  3 orc zombies (Ossuary)
  14 rats
199 creatures vanquished.

Vanquished Creatures (others)
  A deep elf pyromancer (D:8)
  A black bear (D:8)
  2 bullfrogs (D:8)
  A wight (D:7)
  14 jellies
  2 gnoll boudas
  4 gnolls
  3 orcs
  3 hobgoblins (D:4)
  A kobold (D:4)
  A frilled lizard (Sewer)
33 creatures vanquished.

Grand Total: 232 creatures vanquished

Notes
Turn   | Place    | Note
-------+----------+-------------------------------------------
     0 | D:1      | Leeroy the Gnoll Warper began the quest for the Orb.
     0 | D:1      | Reached XP level 1. HP: 20/20 MP: 6/6
   234 | D:1      | Reached XP level 2. HP: 26/26 MP: 7/7
  1018 | D:2      | Reached skill level 5 in Spellcasting
  1018 | D:2      | Reached XP level 3. HP: 19/31 MP: 7/9
  1335 | D:3      | Reached skill level 1 in Invocations
  1435 | D:3      | Reached skill level 1 in Short Blades
  1435 | D:3      | Reached skill level 1 in Axes
  1435 | D:3      | Reached skill level 1 in Maces & Flails
  1435 | D:3      | Reached skill level 1 in Polearms
  1435 | D:3      | Reached skill level 1 in Staves
  1435 | D:3      | Reached skill level 1 in Ranged Weapons
  1435 | D:3      | Reached skill level 1 in Stealth
  1435 | D:3      | Reached skill level 1 in Shields
  1435 | D:3      | Reached skill level 1 in Unarmed Combat
  1435 | D:3      | Reached skill level 1 in Evocations
  1699 | D:3      | Found a blossoming altar of Fedhas.
  1716 | D:3      | Noticed Grinder
  1747 | D:4      | Reached XP level 4. HP: 28/38 MP: 11/11
  1798 | D:4      | Found a staircase to the Ecumenical Temple.
  1807 | Temple   | Entered the Ecumenical Temple
  1874 | Temple   | Became a worshipper of the Shining One
  1903 | D:4      | Noticed a phantom
  1926 | D:4      | Killed a phantom
  1927 | D:4      | Reached skill level 1 in Conjurations
  1927 | D:4      | Reached skill level 1 in Hexes
  1927 | D:4      | Reached skill level 1 in Summonings
  1927 | D:4      | Reached skill level 1 in Necromancy
  1927 | D:4      | Reached skill level 1 in Transmutations
  1927 | D:4      | Reached skill level 1 in Fire Magic
  1927 | D:4      | Reached skill level 1 in Ice Magic
  1927 | D:4      | Reached skill level 1 in Air Magic
  1927 | D:4      | Reached skill level 1 in Earth Magic
  1927 | D:4      | Reached skill level 1 in Poison Magic
  1927 | D:4      | Reached XP level 5. HP: 19/43 MP: 12/12
  2109 | D:4      | Found a glowing drain.
  2152 | Sewer    | Entered a sewer
  2421 | Sewer    | Learned a level 2 spell: Blink
  2425 | Sewer    | Learned a level 3 spell: Teleport Other
  2429 | Sewer    | Learned a level 3 spell: Vhi's Electric Charge
  2434 | Sewer    | Learned a level 4 spell: Manifold Assault
  2447 | Sewer    | Reached XP level 6. HP: 25/50 MP: 14/14
  2455 | Sewer    | Found a viscous altar of Jiyva.
  2501 | Sewer    | Fell from the grace of the Shining One
  2501 | Sewer    | Became a worshipper of Jiyva Julaph the Shapeless
  2800 | D:3      | Reached skill level 5 in Fighting
  2800 | D:3      | Reached skill level 5 in Long Blades
  2800 | D:3      | Reached skill level 5 in Dodging
  2962 | D:4      | Reached XP level 7. HP: 39/56 MP: 15/15
  3252 | D:4      | Learned a level 3 spell: Gell's Gravitas
  3253 | D:5      | Entered Level 5 of the Dungeon
  3285 | D:5      | Reached * piety under Jiyva
  3366 | D:5      | Found a sand-covered staircase.
  3471 | Ossuary  | Entered an ossuary
  3808 | D:5      | Found a hide-covered altar of Uskayaw.
  3813 | D:5      | Found an ornate altar of the Wu Jian Council.
  3848 | D:5      | Reached ** piety under Jiyva
  3981 | D:5      | Noticed a hornet
  4159 | D:5      | Reached XP level 8. HP: 58/61 MP: 16/16
  4184 | D:6      | Reached *** piety under Jiyva
  4186 | D:6      | Gained mutation: Your body has grown eyes which may confuse
                  | attackers. (Acc +3) [Jiyva's grace]
  4186 | D:6      | Gained mutation: Your body has grown many eyes which may
                  | confuse attackers. (Acc +5) [Jiyva's grace]
  4186 | D:6      | Gained mutation: Your body is covered in eyes which may
                  | confuse attackers. (Acc +7, SInv) [Jiyva's grace]
  4186 | D:6      | Gained mutation: Your natural rate of healing is unusually
                  | fast. [Jiyva's grace]
  4501 | D:6      | Found a hazy altar of Hepliaklqana.
  4501 | D:6      | Found a shimmering altar of Xom.
  4507 | D:6      | Found an ancient bone altar of Kikubaaqudgha.
  4509 | D:6      | Found a broken altar of Ashenzari.
  4511 | D:6      | Found an iron altar of Okawaru.
  4804 | D:7      | Reached XP level 9. HP: 69/69 MP: 18/18
  4970 | D:7      | Reached skill level 5 in Throwing
  4970 | D:7      | Reached skill level 5 in Armour
  5079 | D:7      | Reached **** piety under Jiyva
  5366 | D:7      | Reached skill level 5 in Ranged Weapons
  5446 | D:7      | Found Wefanko's Assorted Antiques.
  5468 | D:7      | Reached skill level 5 in Invocations
  5913 | D:8      | Reached skill level 5 in Short Blades
  5913 | D:8      | Reached skill level 5 in Axes
  5913 | D:8      | Reached skill level 5 in Maces & Flails
  5913 | D:8      | Reached skill level 5 in Polearms
  5913 | D:8      | Reached skill level 5 in Staves
  5913 | D:8      | Reached skill level 5 in Stealth
  5913 | D:8      | Reached skill level 5 in Shields
  5913 | D:8      | Reached skill level 5 in Unarmed Combat
  5913 | D:8      | Reached skill level 5 in Evocations
  5913 | D:8      | Reached XP level 10. HP: 70/76 MP: 20/20
  5974 | D:8      | Killed a deep elf pyromancer
  6003 | D:8      | Noticed a centaur warrior
  6018 | D:8      | Killed a centaur warrior
  6123 | D:8      | Noticed a gargoyle
  6183 | D:8      | Killed a gargoyle
  6289 | D:8      | Noticed a gargoyle
  6304 | D:8      | Killed a gargoyle
  6306 | D:8      | Identified the +8 lajatang of the Spheres {heavy, rN+
                  | Int+3}
  6306 | D:8      | Noticed a centaur warrior
  6313 | D:8      | Noticed a manticore
  6313 | D:8      | Noticed a cyclops
  6327 | D:8      | Shot with an arrow by a centaur warrior

Illustrated notes

Levels and vault maps discovered:
D:1:      grunt_arrival_lava_bath, layout_loops_ring
D:2:      layout_loops_cross, kennysheep_generic_room_9
D:3:      layout_loops_ring, fedhas_ov_isle_minmay, uniq_ijyb, uniq_grinder
D:4:      layout_gridville, temple_pool_b, cheibrodos_sewer_entry_bend
D:5:      layout_gridville, mainiacjoe_overflow_big_doors,
          nicolae_ossuary_entry_giza, serial_glass, glass_columns_a,
          glass_columns_b, minmay_manual_monstrance
D:6:      layout_basic, chequers_temple_overflow_minitemple,
          nicolae_figureground_pulse
D:7:      layout_cave_pools, serial_gnoll_camp, gnoll_camp_medium_01,
          gnoll_camp_mini_shop, gnoll_camp_medium_02, gnoll_camp_mini_house
D:8:      minmay_the_grid_octo_tiled_squarecenter [minmay_the_grid_octo_toaster,
          minmay_the_grid_octo_clover, minmay_the_grid_octo_teeth,
          minmay_the_grid_octo_checkered,
          minmay_the_grid_square_5x5_megaprize_open,
          minmay_the_grid_square_5x5_beaten_path,
          minmay_the_grid_square_5x5_doubleslash,
          minmay_the_grid_square_5x5_bite, minmay_the_grid_square_5x5_minibox],
          layout_rooms
Temple:   nicolae_temple_two_arcs

Skill      XL: |  1  2  3  4  5  6  7  8  9 10 |
---------------+-------------------------------+-----
Spellcasting   | 5 6 7 |  7.7
Invocations    | 1 2 3 4 5 6 |  6.3
Short Blades   | 1 2 3 5 |  5.7
Axes           | 1 2 3 5 |  5.7
Maces & Flails | 1 2 3 5 |  5.7
Polearms       | 1 2 3 5 |  5.7
Staves         | 1 2 3 5 |  5.7
Ranged Weapons | 1 2 3 4 5 7 |  7.2
Stealth        | 1 2 3 5 |  5.7
Shields        | 1 2 3 5 |  5.7
Unarmed Combat | 1 2 3 5 |  5.7
Evocations     | 1 2 3 5 |  5.7
Throwing       | 3 4 5 6 |  6.3
Armour         | 3 4 5 6 |  6.3
Conjurations   | 1 2 3 4 |  4.7
Hexes          | 1 2 3 4 |  4.7
Summonings     | 1 2 3 4 |  4.7
Necromancy     | 1 2 3 4 |  4.7
Transmutations | 1 2 3 4 |  4.7
Fire Magic     | 1 2 3 4 |  4.7
Ice Magic      | 1 2 3 4 |  4.7
Air Magic      | 1 2 3 4 |  4.7
Earth Magic    | 1 2 3 4 |  4.7
Poison Magic   | 1 2 3 4 |  4.7
Fighting       | 5 6 7 |  7.4
Long Blades    | 5 6 7 |  7.4
Dodging        | 5 6 7 |  7.4
Translocations | 6 7 |  7.3

Action                     |  1- 3 |  4- 6 |  7- 9 | 10-12 || total
---------------------------+-------+-------+-------+-------++-------
  Melee: Falchion          |   123 |   191 |    26 |       ||   340
         Bite              |    17 |    22 |    56 |    21 ||   116
         Scimitar          |       |       |   167 |       ||   167
         Long sword        |       |       |   128 |    95 ||   223
   Cast: Blink             |       |     1 |     9 |       ||    10
         Manifold Assault  |       |       |     5 |       ||     5
         Vhi's Electric Ch |       |       |     9 |       ||     9
  Evoke: Wand              |       |       |    12 |       ||    12
    Use: Scroll            |       |     3 |    16 |     2 ||    21
         Potion            |       |       |       |     1 ||     1
   Stab: Confused          |       |       |    13 |    10 ||    23
         Sleeping          |       |       |     1 |     1 ||     2
         Distracted        |       |       |     1 |       ||     1
 Armour: Leather armour    |    14 |       |       |       ||    14
         Troll leather arm |    27 |    35 |    37 |       ||    99
         Steam dragon scal |       |       |    45 |    20 ||    65
  Dodge: Dodged            |    82 |   163 |   301 |    76 ||   622

Table legend: (Time is in decaauts)
 A = Elapsed time spent in this place.
 B = Non-inter-level travel time spent in this place.
 C = Inter-level travel time spent in this place.
 D = Time resting spent in this place.
 E = Time spent auto-exploring this place.
 F = Levels seen in this place.
 G = Mean time per level.
                   A        B        C        D        E       F      G
               +--------+--------+--------+--------+--------+-----+--------+
         Total |   6396 |   5964 |    432 |    372 |   3122 |  11 |  581.5 |
       Dungeon |   5680 |   5248 |    432 |    246 |   2927 |   8 |  710.0 |
        Temple |     77 |     77 |      0 |      0 |      0 |   1 |   77.0 |
         Sewer |    418 |    418 |      0 |    126 |    132 |   1 |  418.0 |
       Ossuary |    219 |    219 |      0 |      0 |     63 |   1 |  219.0 |
               +--------+--------+--------+--------+--------+-----+--------+

Top non-repeatable levels by time:
     D:7: 967 daAuts
     D:4: 829 daAuts
     D:5: 799 daAuts
     D:1: 662 daAuts
     D:3: 658 daAuts
     D:2: 632 daAuts
     D:6: 573 daAuts
     D:8: 558 daAuts
   Sewer: 418 daAuts
 Ossuary: 219 daAuts
  Temple: 77 daAuts
